 Dungeon Crawl Stone Soup version 0.31.0-32-g396128a36d (webtiles) character file.

Game seed: 1118459538764359915

520 AgateBread the Trooper (level 7, -3/55 HPs)
             Began as a Demonspawn Gladiator on Apr 10, 2024.
             Slain by an orc warrior
             ... wielding a +0 long sword of holy wrath
              (4 damage)
             ... on level 4 of the Dungeon.
             The game lasted 00:22:09 (4936 turns).

AgateBread the Trooper (Demonspawn Gladiator)       Turns: 4936, Time: 00:22:10

Health: -3/55      AC:  9    Str: 14    XL:     7   Next: 1%
Magic:  7/7        EV:  7    Int:  9    God:
Gold:   298        SH:  9    Dex: 16    Spells: 6/6 levels left

rFire   . . .        y - +2 dagger (venom)
rCold   . . .        b - +0 kite shield
rNeg    . . .        v - +0 chain mail
rPois   .            (helmet restricted)
rElec   .            (no cloak)
rCorr   .            (no gloves)
SInv    .            h - +0 pair of boots
Will    .....        i - amulet of magic regeneration Stlth
                     t - ring of wizardry
HPRegen 0.29/turn    j - ring of flight
MPRegen 0.50/turn

%: wizardry (x1)
@: flying
A: horns 2, demonic guardian 2, sturdy frame 1
a: no special abilities


You were on level 4 of the Dungeon.
You visited 1 branch of the dungeon, and saw 5 of its levels.

You collected 298 gold pieces.

Inventory:

Hand Weapons
 a - a +0 long sword
 f - a +0 sling
 y - a +2 dagger of venom (weapon)
Missiles
 e - a javelin
 l - 7 poisoned darts (quivered)
Armour
 b - a +0 kite shield (worn)
 c - a +0 helmet
 d - a +2 robe of resistance
 g - an orb of wrath
 h - a +0 pair of boots (worn)
 m - a +0 helmet
 r - a +0 ring mail
 v - a +0 chain mail (worn)
Jewellery
 i - an amulet of magic regeneration (around neck)
 j - a ring of flight (right hand)
 t - a ring of wizardry (left hand)
 u - a ring of fire
Talismans
 s - a maw talisman
Scrolls
 k - a scroll of noise
 p - 2 scrolls of immolation
 q - a scroll of enchant weapon {unknown}
 w - a scroll of vulnerability
 x - 2 scrolls of enchant armour {unknown}
 z - a scroll of acquirement {unknown}
Potions
 n - a potion of ambrosia
 o - a potion of berserk rage


   Skills:
 + Level 4.9 Fighting
 + Level 4.8 Long Blades
 - Level 1.9 Throwing
 - Level 1.0 Armour
 - Level 2.7 Dodging
 + Level 2.7 Shields


You had 6 spell levels left.
You didn't know any spells.
Your spell library contained the following spells:

 Spells                   Type           Power      Damage    Failure   Level
 Inner Flame              Hex/Fire       0%         N/A       100%        3
 Flame Wave               Conj/Fire      0%         2d4       100%        4
 Sticky Flame             Fire/Alch      0%         2d4       100%        4


Dungeon Overview and Level Annotations

Branches:
Dungeon (5/15)
 Temple: D:4-7

Altars:
Xom


Innate Abilities, Weirdness & Mutations

You have a pair of horns on your head.
A demonic guardian rushes to your aid.
Your movements are slightly less encumbered by armour. (ER -2)


Message History

Your hellwing hits the orc warrior but does no damage.
The orc warrior hits your hellwing with a +0 long sword of holy wrath!
Your hellwing convulses!
Your hellwing hits the orc warrior but does no damage. x2
The orc warrior hits your hellwing with a +0 long sword of holy wrath!
Your hellwing dies!
Your hellwing disappears in a puff of smoke!
Throw: 10 darts (poison)
Press: ? - help, Q - select action, (/) - cycle Shift-Dir - straight line, f - orc warrior
Aim: an orc warrior, wielding a +0 long sword of holy wrath and wearing a +0 chain mail (moderately wounded, 55% to hit)
You throw a poisoned dart. The poisoned dart hits the orc warrior.
The orc warrior is poisoned.
The orc warrior is moderately wounded.
Throw: 9 darts (poison)
Press: ? - help, Q - select action, (/) - cycle Shift-Dir - straight line, f/p - orc warrior
Aim: an orc warrior, wielding a +0 long sword of holy wrath and wearing a +0 chain mail (heavily wounded, poisoned, 55% to hit)
You throw a poisoned dart. The poisoned dart hits the orc warrior.
The orc warrior is heavily wounded.
The orc warrior looks more healthy.
Things that are here:
a +0 ring mail; a +0 hand axe Throw: 8 darts (poison)
Press: ? - help, Q - select action, (/) - cycle Shift-Dir - straight line, f/p - orc warrior
Aim: an orc warrior, wielding a +0 long sword of holy wrath and wearing a +0 chain mail (heavily wounded, 55% to hit)
You throw a poisoned dart. The poisoned dart hits the orc warrior.
The orc warrior is poisoned.
The orc warrior is heavily wounded.
Okay, then.
You feel better.
The orc warrior hits you with a +0 long sword of holy wrath!
You convulse!
* * * LOW HITPOINT WARNING * * *
A demonic guardian appears!
Your rust devil barely misses the orc warrior.
The orc warrior looks more healthy.
The orc warrior attacks as it pursues you!
The orc warrior hits you with a +0 long sword of holy wrath.
* * * LOW HITPOINT WARNING * * *
You convulse.
You die...

..#...####.......# #....# .###..#
#####...# ##.#.# ......#
#...########.#.# .####.#
#............#.# .# #.#
##..####.......# .#
#.#########..# #.##.####
.####...(..[..4..# ##.##.#
.....###########o###...#.########
.###.# #@................ .# #.#
#..#......######## .# #.#
#.........# .# #.# #.#.#.....# .#
#.# #.#.##.#.### .# #.#
#....#.#...# ####.######
#....#.###.# ....#.....#
###....#.###.# ####.####.#
#.........##.#


You could see an orc warrior.

Vanquished Creatures
  A scorpion (D:3)
  An orc priest (D:4)
  Jessica (D:2)
  An orc wizard (D:4)
  4 adders
  A dart slug (D:1)
  3 ribbon worms
  6 orcs
  5 endoplasms
  4 giant cockroaches
  5 goblins
  9 hobgoblins
  5 quokkas
  11 ball pythons
  6 bats
  5 frilled lizards
  3 kobolds
  6 rats
  A spectral kobold (D:1)
78 creatures vanquished.

Vanquished Creatures (collateral kills)
  Duvessa (D:4)
  Blork the orc (D:4)
  Dowan (D:4)
  An orc priest (D:3)
  3 orcs
  2 endoplasms
  A hobgoblin (D:1)
10 creatures vanquished.

Grand Total: 88 creatures vanquished

Notes
Turn   | Place    | Note
-------+----------+-------------------------------------------
     0 | D:1      | AgateBread the Demonspawn Gladiator began the quest for the
                  | Orb.
     0 | D:1      | Reached XP level 1. HP: 16/16 MP: 1/1
   124 | D:1      | Gained mutation: A weak demonic guardian rushes to your
                  | aid. [demonic ancestry]
   124 | D:1      | Reached XP level 2. HP: 22/22 MP: 2/2
   411 | D:1      | Found a faded altar of an unknown god.
   673 | D:1      | Reached skill level 1 in Armour
   711 | D:1      | Gained mutation: Your movements are slightly less
                  | encumbered by armour. (ER -2) [demonic ancestry]
   711 | D:1      | Reached XP level 3. HP: 26/28 MP: 3/3
  1395 | D:2      | Found a shimmering altar of Xom.
  1423 | D:2      | Gained mutation: A demonic guardian rushes to your aid.
                  | [demonic ancestry]
  1423 | D:2      | Reached XP level 4. HP: 28/35 MP: 4/4
  1609 | D:2      | Noticed Jessica
  1617 | D:2      | Killed Jessica
  3145 | D:3      | Gained mutation: You have a pair of small horns on your
                  | head. [demonic ancestry]
  3145 | D:3      | Reached XP level 5. HP: 38/42 MP: 5/5
  3302 | D:3      | Reached skill level 1 in Shields
  3786 | D:4      | Reached XP level 6. HP: 28/48 MP: 6/6
  3915 | D:4      | Noticed Blork the orc
  3936 | D:4      | Killed Blork the orc
  4331 | D:4      | Noticed Duvessa
  4331 | D:4      | Noticed Dowan
  4346 | D:4      | Killed Duvessa
  4352 | D:4      | Killed Dowan
  4353 | D:4      | Gained mutation: You have a pair of horns on your head.
                  | [demonic ancestry]
  4353 | D:4      | Reached XP level 7. HP: 37/55 MP: 7/7
  4840 | D:5      | Entered Level 5 of the Dungeon
  4929 | D:4      | HP: 2/55 [orc warrior/+0 long sword of holy wrath (16)]
  4936 | D:4      | HP: 1/55 [orc warrior/+0 long sword of holy wrath (3)]
  4936 | D:4      | Slain by an orc warrior

Illustrated notes

Levels and vault maps discovered:
D:1:      enne_arrival_octagon_isle, layout_basic,
          dreamdust_ecumenical_altar_drowned_temple
D:2:      layout_basic, basic_altar, roderic_roman_lattice,
          minmay_misc_feat_more_columns, uniq_jessica
D:3:      layout_loops_ring
D:4:      layout_loops_ring, uniq_duvessa, uniq_blork_the_orc
D:5:      layout_basic, gammafunk_ghost_smash, nrook_loot_triangle,
          dk_noncrumbling_4, uniq_menkaure, uniq_edmund, uniq_sigmund

Skill      XL: |  1  2  3  4  5  6 |
---------------+-------------------+-----
Long Blades    | 3 4 |  4.8
Armour         | 1 |  1.0
Fighting       | 3 4 |  4.9
Shields        | 1 2 |  2.7
Throwing       | |  1.9
Dodging        | |  2.7

Action                     |  1- 3 |  4- 6 |  7- 9 || total
---------------------------+-------+-------+-------++-------
  Melee: Long sword        |   113 |   106 |       ||   219
         Punch             |     1 |       |       ||     1
         Headbutt          |       |    10 |     2 ||    12
         Dagger            |       |    16 |     6 ||    22
  Throw: Throwing net      |       |     7 |       ||     7
         Dart              |       |     4 |     3 ||     7
         Javelin           |       |     1 |       ||     1
    Use: Scroll            |       |     5 |     2 ||     7
         Potion            |       |     2 |     1 ||     3
   Stab: Sleeping          |       |     1 |       ||     1
         Held in net/web   |       |     1 |       ||     1
 Armour: Leather armour    |    68 |    15 |       ||    83
         Chain mail        |       |    49 |     5 ||    54
         Ring mail         |       |    17 |       ||    17
  Dodge: Dodged            |    90 |    52 |       ||   142
  Block: Kite shield       |       |    35 |     4 ||    39
